 Dungeon Crawl Stone Soup version 0.21.1-1-g345015fe64 (webtiles) character file.

231 Gobser the Skirmisher (level 5, -3/42 HPs)
             Began as a Demonspawn Fighter on Feb 27, 2018.
             Slain by an iguana (7 damage)
             ... on level 4 of the Dungeon.
             The game lasted 00:12:32 (3565 turns).

Gobser the Skirmisher (Demonspawn Fighter)          Turns: 3565, Time: 00:12:33

Health: -3/42      AC:  7    Str: 17    XL:     5   Next: 73%
Magic:  14/14      EV: 13    Int:  9    God:
Gold:   104        SH:  9    Dex: 18    Spells: 4/4 levels left

rFire    . . .     SeeInvis .   a - +0 long sword
rCold    . . .     Gourm    .   c - +0 shield
rNeg     . . .     Faith    .   b - +1 scale mail
rPois    .         Spirit   .   (helmet restricted)
rElec    .         Reflect  .   (no cloak)
rCorr    .         Harm     .   (no gloves)
MR       .....                  (no boots)
Stlth    +.........             (no amulet)
HPRegen  0.14/turn              h - ring of magical power
MPRegen  0.14/turn              (no ring)

@: agile
A: antennae 1, demonic guardian 1, sturdy frame 1
a: no special abilities


You were on level 4 of the Dungeon.
You were not hungry.

You visited 1 branch of the dungeon, and saw 4 of its levels.

You collected 104 gold pieces.

Inventory:

Hand Weapons
 a - a +0 long sword (weapon)
 d - a +0 dagger of holy wrath
 e - a +1 short sword of freezing
Armour
 b - a +1 scale mail (worn)
 c - a +0 shield (worn)
Jewellery
 h - a ring of magical power (left hand)
 k - a +2 ring of strength {unknown}
Scrolls
 g - 5 scrolls of teleportation
 i - a scroll of identify
 j - 2 scrolls of remove curse
Potions
 m - a potion of invisibility {unknown}
Comestibles
 f - 2 rations


   Skills:
 + Level 3.8 Fighting
 + Level 3.6 Long Blades
 + Level 3.4 Armour
 + Level 0.6 Dodging
 + Level 0.1 Stealth
 + Level 3.6 Shields


You had 4 spell levels left.
You didn't know any spells.

Dungeon Overview and Level Annotations

Branches:
Dungeon (4/15)
 Temple: D:4-7

Altars:
Okawaru


Innate Abilities, Weirdness & Mutations

You have a pair of small antennae on your head.
A weak demonic guardian rushes to your aid.
Your movements are slightly less encumbered by armour. (ER -2)


Message History

* * * LOW HITPOINT WARNING * * *
You block the iguana's attack.
You slash the orc!
You kill the orc!
The iguana bites you.
* * * LOW HITPOINT WARNING * * *
You hit the iguana.
The iguana is lightly wounded.
The iguana barely misses you.
You barely miss the iguana.
The iguana is lightly wounded.
The iguana completely misses you.
Your iron imp falls through a shaft!
The shaft crumbles and collapses.
You barely miss the iguana.
The iguana is lightly wounded.
The iguana completely misses you.
You riposte.
You closely miss the iguana.
The iguana is lightly wounded.
The iguana bites you!
You die...

.......... ... .
.......... ..###..
....#....##<.....?
..#...............
...#......<.......
.#.........#......
...#.......# .....
........ยง..# ....
.>....)@l>.# ...
...........# ..
............... #
....#......####
...##......# ###
#......# ########


You could see an iguana.

Vanquished Creatures
  A crimson imp (D:3)
  An orc priest (D:3)
  A jelly (D:2)
  An adder (D:3)
  10 oozes
  A dart slug (D:1)
  A leopard gecko (D:3)
  9 orcs
  7 goblins
  10 hobgoblins
  A jackal (D:4)
  2 quokkas (D:3)
  6 bats
  2 frilled lizards
  10 kobolds
  11 rats
  2 fungi (D:2)
76 creatures vanquished.

Vanquished Creatures (collateral kills)
  2 orcs (D:3)
  A ball python (D:4)
  4 jackals (D:4)
7 creatures vanquished.

Vanquished Creatures (others)
  A fungus (D:2)
  2 toadstools (D:2)
3 creatures vanquished.

Grand Total: 86 creatures vanquished

Notes
Turn   | Place    | Note
-------+----------+-------------------------------------------
     0 | D:1      | Gobser the Demonspawn Fighter began the quest for the Orb.
     0 | D:1      | Reached XP level 1. HP: 18/18 MP: 1/1
   227 | D:1      | Gained mutation: Your movements are slightly less encumbered by armour. (ER -2) [demonic ancestry]
   227 | D:1      | Reached XP level 2. HP: 16/24 MP: 2/2
  1652 | D:2      | Reached XP level 3. HP: 27/29 MP: 3/3
  1654 | D:2      | Found an iron altar of Okawaru.
  2173 | D:2      | Gained mutation: You have a pair of small antennae on your head. [demonic ancestry]
  2173 | D:2      | Reached XP level 4. HP: 22/35 MP: 4/4
  2799 | D:3      | Gained mutation: A weak demonic guardian rushes to your aid. [demonic ancestry]
  2799 | D:3      | Reached XP level 5. HP: 29/41 MP: 5/5
  3565 | D:4      | Slain by an iguana

Skill      XL: |  1  2  3  4 |
---------------+-------------+-----
Armour         | 3 |  3.4
Long Blades    | 2 3 |  3.6
Shields        | 3 |  3.6
Fighting       | |  3.8
Dodging        | |  0.6
Stealth        | |  0.1

Action                   |  1- 3 |  4- 6 || total
-------------------------+-------+-------++-------
Melee: Long sword        |   141 |   148 ||   289
  Use: Potion            |     8 |     1 ||     9
       Scroll            |     2 |     4 ||     6
  Eat: Ration            |     2 |     1 ||     3
Armor: Scale mail        |    97 |    66 ||   163
Dodge: Dodged            |    62 |    45 ||   107
Block: Shield            |   102 |    73 ||   175
       Rpst.: Long sword |    15 |    15 ||    30
